 Dungeon Crawl Stone Soup version 0.24-a0-269-g32ec7ca (webtiles) character file.

Game seed: 15197342782717550842

23 AngleWyrm the Caller (level 3, -1/24 HPs)
             Began as a Merfolk Summoner on Apr 21, 2019.
             Slain by a worm (3 damage)
             ... on level 2 of the Dungeon.
             The game lasted 00:16:59 (1582 turns).

AngleWyrm the Caller (Merfolk Summoner)             Turns: 1582, Time: 00:16:59

Health: -1/24      AC:  2    Str:  9    XL:     3   Next: 0%
Magic:  2/6        EV: 13    Int: 14    God:
Gold:   129        SH:  0    Dex: 14    Spells: 3/6 levels left

rFire    . . .     SeeInvis .   n - +0 trident
rCold    . . .     Gourm    .   (no shield)
rNeg     . . .     Faith    .   a - +0 robe
rPois    .         Spirit   .   (no helmet)
rElec    .         Reflect  .   (no cloak)
rCorr    .         Harm     .   (no gloves)
MR       .....                  (no boots)
Stlth    ++........             (no amulet)
HPRegen  0.08/turn              (no ring)
MPRegen  0.10/turn              (no ring)

@: no status effects
A: change form in water, swift swim, stealthy swim
a: no special abilities


You were on level 2 of the Dungeon.
You were not hungry.

You visited 1 branch of the dungeon, and saw 2 of its levels.

You collected 129 gold pieces.

Inventory:

Hand Weapons
 g - a +2 vampiric whip
 i - a +0 club
 k - a +0 dagger
 n - a +0 trident (weapon)
Missiles
 f - 60 stones (quivered)
 o - 19 arrows
Armour
 a - a +0 robe (worn)
Jewellery
 h - a cursed ring of attention {unknown}
Scrolls
 m - a scroll of identify {unknown}
 p - a scroll of amnesia {unknown}
Potions
 b - a potion of berserk rage {unknown}
 d - a potion of magic {unknown}
 e - a potion of agility {unknown}
 j - a potion of mutation {unknown}
 l - a potion of heal wounds {unknown}
Comestibles
 c - 3 rations


   Skills:
 * Level 0.4 Polearms
 * Level 0.1 Armour
 + Level 3.0 Dodging
 + Level 2.2 Stealth
 + Level 2.2 Spellcasting
 + Level 4.4 Summonings


You had 3 spell levels left.
You knew the following spells:

 Your Spells              Type           Power        Failure   Level  Hunger
a - Summon Small Mammal   Summ           ##..         3%          1    #......
b - Call Imp              Summ           ##......     5%          2    ###....

Your spell library contained the following spells:

 Spells                   Type           Power        Failure   Level  Hunger
 Call Canine Familiar     Summ           ##......     11%         3    ###....
 Summon Guardian Golem    Hex/Summ       #.......     28%         3    ###....
 Summon Ice Beast         Ice/Summ       #.......     67%         4    #####..
 Summon Lightning Spire   Summ/Air       #.......     67%         4    #####..


Dungeon Overview and Level Annotations

Branches:
Dungeon (2/15)

Altars:
Okawaru
Trog


Message History

The worm is severely wounded.
Your crimson imp blinks!
Your crimson imp hits the worm.
The worm bites you!
You barely miss the worm.
The worm is severely wounded.
Your crimson imp hits the worm.
The worm misses you.
You hit the worm.
The worm is almost dead.
Your crimson imp hits the worm. x2
You hit the worm but do no damage.
The worm is almost dead.
The worm bites you!
* * * LOW HITPOINT WARNING * * *
Your crimson imp hits the worm.
Your crimson imp blinks!
You barely miss the worm.
The worm is almost dead.
Your crimson imp blinks!
The worm bites you.
You die...

##.... ####....
##......# ..
....# #. #...#
######.##.#.# #.
........5...####
.###
##.#.5.wS.....#
..#
#..@#.####.#####
#.# ##....#
#.#...###.#
####.#
##.#........ #.#
#......###.. #.#
#.#.#.####..
#.........# #...
..#####.### #...
#.# #.<. #.#
####


You could see a worm, an adder and 2 friendly crimson imps.

Vanquished Creatures
  A bat (D:1)
  3 frilled lizards (D:1)
  2 goblins (D:1)
  2 kobolds
  4 rats
12 creatures vanquished.

Vanquished Creatures (collateral kills)
  A dart slug (D:1)
  A giant cockroach (D:1)
  2 goblins (D:1)
  3 hobgoblins (D:1)
  3 kobolds
  5 bats
  A rat (D:1)
16 creatures vanquished.

Grand Total: 28 creatures vanquished

Notes
Turn   | Place    | Note
-------+----------+-------------------------------------------
     0 | D:1      | AngleWyrm the Merfolk Summoner began the quest for the Orb.
     0 | D:1      | Reached XP level 1. HP: 13/13 MP: 3/3
   440 | D:1      | Reached XP level 2. HP: 14/19 MP: 3/5
  1427 | D:1      | Learned a level 2 spell: Call Imp
  1428 | D:2      | Found an iron altar of Okawaru.
  1428 | D:2      | Found a bloodstained altar of Trog.
  1575 | D:2      | Reached XP level 3. HP: 23/24 MP: 1/6
  1582 | D:2      | Slain by a worm

Levels and vault maps discovered:
D:1:      dpeg_arrival_orchard, layout_rooms, roderic_lattice_a
D:2:      layout_loops_ring, chequers_temple_overflow_statue_of_worship,
          feat_on_display

Skill      XL: |  1 |
---------------+----+-----
Dodging        | 3 |  3.0
Polearms       | |  0.4
Armour         | |  0.1
Stealth        | |  2.2
Spellcasting   | |  2.2
Summonings     | |  4.4

Action                   || total
-------------------------++-------
Melee: Unarmed           ||    11
       Club              ||     5
       Dagger            ||    38
       Trident           ||    20
 Cast: Summon Small Mamm ||    22
       Call Imp          ||     3
  Use: Scroll            ||     2
  Eat: Chunk             ||     3
Armor: Robe              ||    30
Dodge: Dodged            ||    78

Table legend:
 A = Non-vault XP
 B = Vault XP
 C = Vault XP percentage of total XP
 D = Non-vault monster count
 E = Vault monster count
 F = Vault count percentage of total count
                 A         B        C        D         E       F
            +---------+---------+-------+---------+---------+-------
      Total |      34 |       0 |   0.0 |      28 |       0 |   0.0
            +---------+---------+-------+---------+---------+-------
        D:1 |      27 |       0 |   0.0 |      22 |       0 |   0.0
        D:2 |       7 |       0 |   0.0 |       6 |       0 |   0.0
            +---------+---------+-------+---------+---------+-------
